 Dungeon Crawl Stone Soup version 0.31-a0-435-g2c6fae2916 (console) character file.

Game seed: 13953631595841666005

10140 jejorda2 the Grappler (level 11, -1/89 HPs)
             Began as a Gnoll Berserker on Aug 1, 2023.
             Was an Elder of Trog.
             Slain by a wolf (4 damage)
             ... on level 8 of the Dungeon.
             The game lasted 00:23:44 (9417 turns).

jejorda2 the Grappler (Gnoll Berserker)             Turns: 9417, Time: 00:23:45

Health: -1/89      AC: 18    Str: 21    XL:     11   Next: 57%
Magic:  20/20      EV: 11    Int:  6    God:    Trog [****..]
Gold:   397        SH:  5    Dex: 12    Spells: 23/23 levels left

rFire   + . .        b - +3 battleaxe
rCold   . . .        (shield currently unavailable)
rNeg    . . .        o - +0 chain mail
rPois   .            (no helmet)
rElec   .            g - +0 cloak
rCorr   .            d - +1 pair of gloves
SInv    .            (no boots)
Will    ++...        h - amulet of reflection
Stlth   +            j - ring of protection from fire
HPRegen 1.34/turn    i - +4 ring of protection
MPRegen 0.17/turn

%: reflection
@: strong-willed, on berserk cooldown, regenerating, slowed, very slow
A: fangs 1, strong nose, distributed training
a: Renounce Religion, Berserk, Trog's Hand, Brothers in Arms


You were on level 8 of the Dungeon.
You worshipped Trog.
Trog was greatly pleased with you.
You visited 2 branches of the dungeon, and saw 10 of its levels.
You also visited: Sewer.

You collected 580 gold pieces.
You spent 183 gold pieces at shops.

Inventory:

Hand Weapons
 b - a +3 battleaxe (weapon)
 q - a +0 morningstar
Missiles
 t - 5 boomerangs
 x - 3 curare-tipped darts
 A - 9 poisoned darts (quivered)
Armour
 d - a +1 pair of gloves (worn)
 g - a +0 cloak (worn)
 o - a +0 chain mail (worn)
Jewellery
 c - a ring of flight
 h - an amulet of reflection (around neck)
 i - a +4 ring of protection (right hand)
 j - a ring of protection from fire (left hand)
 s - a ring of positive energy
Wands
 n - a wand of mindburst (3)
 y - a wand of iceblast (19)
Scrolls
 m - 2 scrolls of fear
 p - 3 scrolls of poison
 r - 6 scrolls of blinking
 w - a scroll of butterflies
Potions
 a - a potion of attraction
 e - 4 potions of haste
 f - 3 potions of curing
 k - 3 potions of resistance
 l - 2 potions of heal wounds
 u - 2 potions of might
 z - 3 potions of lignification
 B - a potion of invisibility


   Skills:
 + Level 9.3 Fighting
 + Level 6.5 Short Blades
 + Level 6.5 Long Blades
 + Level 6.5 Axes
 + Level 6.5 Maces & Flails
 + Level 6.5 Polearms
 + Level 6.5 Staves
 + Level 6.5 Ranged Weapons
 + Level 6.5 Throwing
 + Level 8.1 Armour
 + Level 8.1 Dodging
 + Level 6.5 Stealth
 + Level 6.5 Shields
 + Level 9.3 Unarmed Combat
 + Level 6.5 Spellcasting
 + Level 5.4 Conjurations
 + Level 5.4 Hexes
 + Level 5.4 Summonings
 + Level 5.4 Necromancy
 + Level 5.4 Translocations
 + Level 5.4 Transmutations
 + Level 5.4 Fire Magic
 + Level 5.4 Ice Magic
 + Level 5.4 Air Magic
 + Level 5.4 Earth Magic
 + Level 5.4 Poison Magic
 + Level 7.2 Invocations
 + Level 6.5 Evocations
 + Level 5.4 Shapeshifting


You had 23 spell levels left.
You didn't know any spells.
Your spell library was empty.

Dungeon Overview and Level Annotations

Branches:
Dungeon (9/15)             Temple (0/1) D:7            Lair (1/5) D:8
    Orc (0/2) D:9           Sewer (visited)

Altars:
Dithmenos
Fedhas
Sif Muna
Uskayaw
Wu Jian
The Shining One

Shops:
D:4 *   D:8 *


Innate Abilities, Weirdness & Mutations

You have very sharp teeth.
Your uncanny sense of smell can sniff out nearby items.
Your experience applies equally to all skills.


Message History

The wolf bites you but does no damage. The wolf attacks as you move away!
The wolf closely misses you.
The wolf barely misses you. x2; The wolf bites you.
* * * LOW HITPOINT WARNING * * *
There is a staircase back to the Dungeon here.
The wolf bites you but does no damage. The wolf bites you.
* * * LOW HITPOINT WARNING * * *
The blink frog blinks!
The wolf bites you but does no damage. You block the wolf's attack.
The blink frog blinks!
The wolf closely misses you.
You climb upwards.
Welcome back to the Dungeon!
There is a staircase to the Lair here.
Your skin crawls.
You feel strong-willed. You block the wolf's attack.
The wolf barely misses you. The wolf bites you but does no damage.
The wolf barely misses you. You block the wolf's attack. x2
You miss the wolf. The wolf barely misses you. The wolf closely misses you.
You block the wolf's attack. The wolf bites you but does no damage.
b - a +3 battleaxe (weapon)
The wolf bites you but does no damage. The wolf bites you.
* * * LOW HITPOINT WARNING * * *
You closely miss the wolf. You slash the wolf! The wolf bites you!
* * * LOW HITPOINT WARNING * * *
The wolf bites you but does no damage. x3; The wolf bites you.
* * * LOW HITPOINT WARNING * * *
The wolf bites you!
* * * LOW HITPOINT WARNING * * *
The wolf barely misses you. The wolf closely misses you.
You feel much better. The wolf bites you!
* * * LOW HITPOINT WARNING * * *
The wolf barely misses you. The wolf bites you!
* * * LOW HITPOINT WARNING * * *
The wolf bites you but does no damage. The wolf attacks as you move away!
The wolf barely misses you. The wolf misses you. You block the wolf's attack.
The wolf bites you but does no damage. The wolf bites you.
* * * LOW HITPOINT WARNING * * *
The wolf bites you.
You die...

#....# #.# ##....# #.# #
###.....# #.# #
####......## #.# #
#####.........#####.# #
#...................# #
##....#.(............# #
#....#...............#
###...#.h@.........##.####
#.....#.h....[.....##..)).
#............#.....#######
#............#.....# #...#
#..................###...#
#.####.#...........##....'
#......#........)..##....#
##....##..........###....#
#....##..........# #....#


You could see 2 wolves.

Vanquished Creatures
  Erica (D:9)
  5 death yaks (D:8)
  3 blink frogs (Lair:1)
  A wyvern (D:9)
  A vampire (D:7)
  5 yaks (D:9)
  Menkaure (D:4)
  3 water moccasins
  Duvessa (D:7)
  2 sky beasts
  2 ice beasts
  An orc warrior (D:7)
  3 black bears (D:5)
  3 ogres
  8 wolves (Lair:1)
  3 centaurs
  5 kobold brigands
  2 bullfrogs
  2 scorpions (D:6)
  19 wights
  Dowan (D:7)
  6 killer bees (D:9)
  2 howler monkeys (D:9)
  4 hounds
  A jelly (D:4)
  An orc priest (D:8)
  7 iguanas
  2 sleepcaps
  3 orc wizards
  13 adders
  6 river rats (Sewer)
  A white imp (D:6)
  2 worms
  3 dart slugs
  21 orcs
  11 ball pythons
  6 bats
  10 endoplasms
  6 giant cockroaches
  5 goblins
  5 hobgoblins
  8 jackals
  3 quokkas
  4 frilled lizards
  37 kobolds
  26 rats
265 creatures vanquished.

Notes
Turn   | Place    | Note
-------+----------+-------------------------------------------
     0 | D:1      | jejorda2 the Gnoll Berserker began the quest for the Orb.
     0 | D:1      | Reached XP level 1. HP: 23/23 MP: 1/1
   138 | D:1      | Reached XP level 2. HP: 29/29 MP: 2/2
   544 | D:1      | Reached XP level 3. HP: 32/35 MP: 3/3
  1133 | D:2      | Reached skill level 1 in Invocations
  1236 | D:2      | Reached ** piety under Trog
  1318 | D:2      | Reached skill level 1 in Short Blades
  1318 | D:2      | Reached skill level 1 in Long Blades
  1318 | D:2      | Reached skill level 1 in Axes
  1318 | D:2      | Reached skill level 1 in Maces & Flails
  1318 | D:2      | Reached skill level 1 in Polearms
  1318 | D:2      | Reached skill level 1 in Staves
  1318 | D:2      | Reached skill level 1 in Ranged Weapons
  1318 | D:2      | Reached skill level 1 in Throwing
  1318 | D:2      | Reached skill level 1 in Stealth
  1318 | D:2      | Reached skill level 1 in Shields
  1318 | D:2      | Reached skill level 1 in Spellcasting
  1318 | D:2      | Reached skill level 1 in Evocations
  1882 | D:3      | Reached XP level 4. HP: 41/41 MP: 5/5
  2276 | D:3      | Identified the +5 short sword of Lisolom {heavy, *Slow
                  | rPois Dex+3}
  2702 | D:3      | Reached skill level 1 in Conjurations
  2702 | D:3      | Reached skill level 1 in Hexes
  2702 | D:3      | Reached skill level 1 in Summonings
  2702 | D:3      | Reached skill level 1 in Necromancy
  2702 | D:3      | Reached skill level 1 in Translocations
  2702 | D:3      | Reached skill level 1 in Transmutations
  2702 | D:3      | Reached skill level 1 in Fire Magic
  2702 | D:3      | Reached skill level 1 in Ice Magic
  2702 | D:3      | Reached skill level 1 in Air Magic
  2702 | D:3      | Reached skill level 1 in Earth Magic
  2702 | D:3      | Reached skill level 1 in Poison Magic
  2702 | D:3      | Reached skill level 1 in Shapeshifting
  2793 | D:4      | Reached XP level 5. HP: 14/47 MP: 5/7
  2966 | D:4      | Found Kiyc Zif's Assorted Antiques.
  2974 | D:4      | Bought 2 smoky black potions for 48 gold pieces
  2974 | D:4      | Bought a scroll labelled CULIQAE XEZIGE for 27 gold pieces
  2974 | D:4      | Bought a scroll labelled ZIHYMI VABLONNOUT for 27 gold
                  | pieces
  2974 | D:4      | Bought a scroll labelled IXIP RUFRUOLUJ for 27 gold pieces
  2974 | D:4      | Bought a scroll labelled IXIP RUFRUOLUJ for 27 gold pieces
  2974 | D:4      | Bought a scroll labelled WEZOCA XIOFEIKK for 27 gold pieces
  3068 | D:4      | Found a shadowy altar of Dithmenos.
  3212 | D:4      | Noticed an ogre
  3217 | D:4      | Killed an ogre
  3218 | D:4      | Reached XP level 6. HP: 53/53 MP: 8/8
  3350 | D:4      | Reached skill level 5 in Armour
  3350 | D:4      | Reached skill level 5 in Dodging
  3536 | D:4      | Reached *** piety under Trog
  3705 | D:4      | Noticed Menkaure
  3719 | D:4      | Killed Menkaure
  3720 | D:4      | Reached XP level 7. HP: 37/60 MP: 10/10
  4019 | D:5      | Entered Level 5 of the Dungeon
  4285 | D:5      | Reached XP level 8. HP: 56/67 MP: 12/12
  4801 | D:6      | Found a glowing drain.
  4830 | Sewer    | Entered a sewer
  5207 | Sewer    | Reached **** piety under Trog
  5534 | D:6      | Reached XP level 9. HP: 73/73 MP: 14/14
  6566 | D:7      | Found a staircase to the Ecumenical Temple.
  6700 | D:7      | Reached skill level 5 in Invocations
  6712 | D:7      | Noticed Duvessa
  6712 | D:7      | Noticed Dowan
  6718 | D:7      | Killed Duvessa
  6723 | D:7      | Killed Dowan
  7387 | D:8      | Found Rud Wicw's Overcharged Wands.
  7466 | D:8      | Reached XP level 10. HP: 56/80 MP: 17/17
  7545 | D:8      | Noticed a death yak
  7569 | D:8      | Noticed a death yak
  7571 | D:8      | Noticed a death yak
  7572 | D:8      | Killed a death yak
  7572 | D:8      | Noticed a death yak
  7573 | D:8      | Reached skill level 5 in Short Blades
  7573 | D:8      | Reached skill level 5 in Long Blades
  7573 | D:8      | Reached skill level 5 in Axes
  7573 | D:8      | Reached skill level 5 in Maces & Flails
  7573 | D:8      | Reached skill level 5 in Polearms
  7573 | D:8      | Reached skill level 5 in Staves
  7573 | D:8      | Reached skill level 5 in Ranged Weapons
  7573 | D:8      | Reached skill level 5 in Throwing
  7573 | D:8      | Reached skill level 5 in Stealth
  7573 | D:8      | Reached skill level 5 in Shields
  7573 | D:8      | Reached skill level 5 in Spellcasting
  7573 | D:8      | Reached skill level 5 in Evocations
  7575 | D:8      | Noticed a death yak
  7587 | D:8      | Killed a death yak
  7707 | D:8      | Found a staircase to the Lair.
  8172 | D:8      | Found Rud Wicw's Overcharged Wands.
  8234 | D:8      | Killed a death yak
  8241 | D:8      | Killed a death yak
  8253 | D:8      | Killed a death yak
  8463 | D:9      | Reached XP level 11. HP: 87/87 MP: 19/19
  8561 | D:9      | Found a shimmering blue altar of Sif Muna.
  8562 | D:9      | Found a blossoming altar of Fedhas.
  8562 | D:9      | Found a glowing golden altar of the Shining One.
  8624 | D:9      | Noticed Erica
  8640 | D:9      | Killed Erica
  8641 | D:9      | Reached skill level 5 in Conjurations
  8641 | D:9      | Reached skill level 5 in Hexes
  8641 | D:9      | Reached skill level 5 in Summonings
  8641 | D:9      | Reached skill level 5 in Necromancy
  8641 | D:9      | Reached skill level 5 in Translocations
  8641 | D:9      | Reached skill level 5 in Transmutations
  8641 | D:9      | Reached skill level 5 in Fire Magic
  8641 | D:9      | Reached skill level 5 in Ice Magic
  8641 | D:9      | Reached skill level 5 in Air Magic
  8641 | D:9      | Reached skill level 5 in Earth Magic
  8641 | D:9      | Reached skill level 5 in Poison Magic
  8641 | D:9      | Reached skill level 5 in Shapeshifting
  8991 | D:9      | Found a hide-covered altar of Uskayaw.
  9032 | D:9      | Found an ornate altar of the Wu Jian Council.
  9222 | D:9      | Found a staircase to the Orcish Mines.
  9284 | Lair:1   | Entered Level 1 of the Lair of Beasts
  9417 | D:8      | HP: 3/89 [wolf (6)]
  9417 | D:8      | Slain by a wolf

Illustrated notes

Levels and vault maps discovered:
D:1:      amcnicky_arrival_gap_in_the_tavern_cellar, layout_basic, st_stairs_4
D:2:      layout_basic
D:3:      layout_basic
D:4:      layout_basic, lemuel_crystal_altar, serial_shops, shop, uniq_menkaure
D:5:      layout_cave_pools
D:6:      layout_rooms, gup_sewer_entry_glass
D:7:      layout_loops_corners, temple_green, uniq_duvessa
D:8:      layout_basic, dpeg_lair_monsters, nrook_campfire,
          minmay_crystal_water, nicolae_shop_overcharged_wands
D:9:      layout_rooms, nzn_wu_jian_council_hall,
          nicolae_overflow_crystal_walls, minitemple, uniq_erica
Lair:1:   layout_hall_layers, st_stairs_13, grunt_megastairs_1

Skill      XL: |  1  2  3  4  5  6  7  8  9 10 11 |
---------------+----------------------------------+-----
Invocations    | 1 2 3 4 5 6 7 |  7.2
Short Blades   | 1 2 3 4 5 6 |  6.5
Long Blades    | 1 2 3 4 5 6 |  6.5
Axes           | 1 2 3 4 5 6 |  6.5
Maces & Flails | 1 2 3 4 5 6 |  6.5
Polearms       | 1 2 3 4 5 6 |  6.5
Staves         | 1 2 3 4 5 6 |  6.5
Ranged Weapons | 1 2 3 4 5 6 |  6.5
Throwing       | 1 2 3 4 5 6 |  6.5
Stealth        | 1 2 3 4 5 6 |  6.5
Shields        | 1 2 3 4 5 6 |  6.5
Spellcasting   | 1 2 3 4 5 6 |  6.5
Evocations     | 1 2 3 4 5 6 |  6.5
Conjurations   | 1 2 3 4 5 |  5.4
Hexes          | 1 2 3 4 5 |  5.4
Summonings     | 1 2 3 4 5 |  5.4
Necromancy     | 1 2 3 4 5 |  5.4
Translocations | 1 2 3 4 5 |  5.4
Transmutations | 1 2 3 4 5 |  5.4
Fire Magic     | 1 2 3 4 5 |  5.4
Ice Magic      | 1 2 3 4 5 |  5.4
Air Magic      | 1 2 3 4 5 |  5.4
Earth Magic    | 1 2 3 4 5 |  5.4
Poison Magic   | 1 2 3 4 5 |  5.4
Shapeshifting  | 1 2 3 4 5 |  5.4
Armour         | 5 6 7 8 |  8.1
Dodging        | 5 6 7 8 |  8.1
Fighting       | 7 8 9 |  9.3
Unarmed Combat | 7 8 9 |  9.3

Action                     |  1- 3 |  4- 6 |  7- 9 | 10-12 || total
---------------------------+-------+-------+-------+-------++-------
  Melee: Unarmed           |    40 |       |   196 |   294 ||   530
         Bite              |     7 |    15 |    39 |    46 ||   107
         Whip              |    54 |   140 |   209 |       ||   403
         Punch             |     1 |     7 |    18 |    11 ||    37
         Battleaxe         |       |       |       |     8 ||     8
  Throw: Dart              |       |       |       |     1 ||     1
 Invoke: Berserk           |       |     3 |    10 |     8 ||    21
         Trog's Hand       |       |     1 |     1 |     4 ||     6
  Evoke: Wand              |       |       |       |     2 ||     2
    Use: Scroll            |       |       |    20 |     4 ||    24
         Potion            |       |       |     1 |     3 ||     4
   Stab: Sleeping          |     3 |       |       |       ||     3
 Armour: Animal skin       |     4 |       |       |       ||     4
         Leather armour    |    10 |       |       |       ||    10
         Chain mail        |       |    39 |   198 |   109 ||   346
         Scale mail        |       |     5 |       |       ||     5
  Dodge: Dodged            |    45 |    42 |   178 |   128 ||   393
  Block: Other             |     8 |    17 |   101 |    68 ||   194
         Reflection        |       |       |     4 |     1 ||     5

Table legend: (Time is in decaauts)
 A = Elapsed time spent in this place.
 B = Non-inter-level travel time spent in this place.
 C = Inter-level travel time spent in this place.
 D = Time resting spent in this place.
 E = Time spent auto-exploring this place.
 F = Levels seen in this place.
 G = Mean time per level.
                   A        B        C        D        E       F      G
               +--------+--------+--------+--------+--------+-----+--------+
         Total |   9504 |   9159 |    345 |    979 |   6214 |  11 |  864.0 |
       Dungeon |   8697 |   8353 |    344 |    883 |   5857 |   9 |  966.3 |
          Lair |    118 |    118 |      0 |      0 |     31 |   1 |  118.0 |
         Sewer |    688 |    688 |      0 |     96 |    326 |   1 |  688.0 |
               +--------+--------+--------+--------+--------+-----+--------+

Top non-repeatable levels by time:
     D:8: 1313 daAuts
     D:4: 1295 daAuts
     D:7: 1260 daAuts
     D:1: 1101 daAuts
     D:3: 883 daAuts
     D:9: 863 daAuts
     D:2: 774 daAuts
     D:5: 736 daAuts
   Sewer: 688 daAuts
     D:6: 468 daAuts
  Lair:1: 118 daAuts
